 Dungeon Sprint DCSS version 0.25.1-2-g60ff931df9 (webtiles) character file.

Game seed: 11598243198655625843

226181 Groucho the Slayer (level 19, 0/225 HPs)
             Began as a Naga Fighter on Aug 22, 2020.
             Was the Champion of Cheibriados.
             Killed from afar by an electric golem (5 damage)
             ... with a bolt of lightning
             ... in the Dungeon (Sprint VII: "The Pits").
             The game lasted 00:36:13 (12166 turns).

Groucho the Slayer (Naga Fighter)                  Turns: 12166, Time: 00:36:13

Health: 0/225      AC: 45    Str: 37    XL:     19   Next: 35%
Magic:  13/39      EV: 27    Int: 25    God:    Cheibriados [******]
Gold:   219        SH: 37    Dex: 32    Spells: 50/50 levels left

rFire    + . .     SeeInvis +   z - +4 broad axe (venom)
rCold    + + +     Gourm    .   N - +3 tower shield
rNeg     + + +     Faith    .   K - +7 ice dragon scales
rPois    +         Spirit   .   s - +0 helmet
rElec    +         Reflect  +   I - +1 cloak
rCorr    .         Harm     .   M - +2 pair of gloves
MR       +++++     NoTele   +   D - +1 naga barding {rC+}
Stlth    +.........             b - amulet "Yruow" {Reflect rElec rF+ SH+5}
HPRegen  0.47/turn              h - ring "Wuruphein" {Fire *Slow rN+++ MR+++ Str+3}
MPRegen  0.26/turn              j - ring "Kickehya" {rC+ MR+ Slay+5}

@: very slow
A: large, see invisible, deformed body, poison resistance, screaming 1, slowness
2, slow metabolism 1, spit poison 1, constrict 1, AC +6
}: 1/3 runes: silver
a: Spit Poison, Bend Time, Temporal Distortion, Slouch, Step From Time, Renounce
Religion


You were in the Dungeon.
You worshipped Cheibriados.
Cheibriados was exalted by your worship.
You were not hungry.

You visited 1 branch You collected 219 gold pieces.

Inventory:

Hand Weapons
 c - a +4 morningstar of protection
 l - a +2 hand axe of flaming
 m - a +5 broad axe
 z - a +4 broad axe of venom (weapon)
 Q - the +11 demon blade of the Orcish Mines {vamp, rC- MR+ Dex+2}
   (You found it in the Dungeon)

   It inflicts no extra harm, but heals its wielder when it wounds a living foe.
   It affects your dexterity (+2).
   It makes you vulnerable to cold.
   It affects your resistance to hostile enchantments.
Missiles
 q - 146 stones (quivered)
Armour
 a - +0 gold dragon scales
 s - a +0 helmet (worn)
 D - a +1 naga barding of cold resistance (worn)
 G - the +2 shadow dragon scales "Aritret" {*Corrode rPois rF+ Int+3 Stlth++++}
   (You took it off a vault guard in the Dungeon)

   It affects your intelligence (+3).
   It protects you from fire.
   It protects you from poison.
   It may corrode you when you take damage.
   It makes you much more stealthy.
 I - a +1 cloak (worn)
 K - +7 ice dragon scales (worn)
 M - a +2 pair of gloves (worn)
 N - a +3 tower shield (worn)
 O - a +4 pair of gloves
 P - a +4 cloak
Jewellery
 b - the amulet "Yruow" (around neck) {Reflect rElec rF+ SH+5}
   (You found it in the Dungeon)

   [amulet of reflection]

   It shields you and reflects attacks.
   It protects you from fire.
   It insulates you from electricity.
   It affects your SH (+5).
 h - the ring "Wuruphein" (left hand) {Fire *Slow rN+++ MR+++ Str+3}
   (You found it in the Dungeon)

   [ring of fire]

   It enhances your fire magic.
   It affects your strength (+3).
   It protects you from fire.
   It makes you vulnerable to cold.
   It renders you almost immune to negative energy.
   It affects your resistance to hostile enchantments.
   It may slow you when you take damage.
 j - the ring "Kickehya" (right hand) {rC+ MR+ Slay+5}
   (You found it in the Dungeon)

   [ring of slaying]

   It affects your accuracy and damage with ranged weapons and melee attacks
   (+5).
   It protects you from cold.
   It affects your resistance to hostile enchantments.
 u - an uncursed ring of protection from fire
 x - an uncursed ring of positive energy
 H - the ring of Doubts {rPois Str+6 Dex+4}
   (You took it off a vault guard in the Dungeon)

   [ring of strength]

   It affects your strength (+6).
   It affects your dexterity (+4).
   It protects you from poison.
 J - a +6 ring of dexterity
 L - the ring of Linearity {rN+ EV+6}
   (You found it in the Dungeon)

   [ring of evasion]

   It affects your evasion (+6).
   It protects you from negative energy.
 R - the ring of Makhleb's Indignation {rElec Str+4 Stlth-}
   (You found it in the Dungeon)

   [ring of attention]

   It affects your strength (+4).
   It insulates you from electricity.
   It makes you less stealthy.
 S - the amulet "Zoybirra" {Reflect *Drain rPois rF- MR+++ SH+5}
   (You found it in the Dungeon)

   [amulet of reflection]

   It shields you and reflects attacks.
   It makes you vulnerable to fire.
   It protects you from poison.
   It affects your resistance to hostile enchantments.
   It causes draining when unequipped.
   It affects your SH (+5).
 T - the amulet of Ireh {RegenMP rPois}
   (You found it in the Dungeon)

   [amulet of magic regeneration]

   It increases your magic regeneration.
   It protects you from poison.
 U - the ring "Waehyrphan" {rC++ Int-4 Dex+6 Stlth+}
   (You found it in the Dungeon)

   [ring of dexterity]

   It affects your intelligence (-4).
   It affects your dexterity (+6).
   It greatly protects you from cold.
   It makes you more stealthy.
 V - the ring "Pantovvy" {*Corrode rElec rF+ Int+2 Dex+6}
   (You found it in the Dungeon)

   [ring of dexterity]

   It affects your intelligence (+2).
   It affects your dexterity (+6).
   It protects you from fire.
   It insulates you from electricity.
   It may corrode you when you take damage.
 W - the ring of Hard Scrabble {*Corrode rPois rC+++ AC+4 Str+3}
   (You found it in the Dungeon)

   [ring of protection]

   It affects your AC (+4).
   It affects your strength (+3).
   It renders you almost immune to cold.
   It protects you from poison.
   It may corrode you when you take damage.
 X - the ring of Senuox {rElec rF+ Str+2 Int-4}
   (You found it in the Dungeon)

   [ring of protection from fire]

   It affects your strength (+2).
   It affects your intelligence (-4).
   It protects you from fire.
   It insulates you from electricity.
 Y - the ring of the Assorted Suns {+Blink +Fly rPois Str-5 Int+4}
   (You found it in the Dungeon)

   [ring of flight]

   It affects your strength (-5).
   It affects your intelligence (+4).
   It protects you from poison.
   It lets you fly.
   It lets you blink.
Wands
 g - a wand of flame (24)
Scrolls
 k - 2 scrolls of blinking
 n - 10 scrolls of remove curse
 o - 5 scrolls of amnesia
 p - a scroll of summoning
 y - 4 scrolls of enchant armour
 A - 2 scrolls of enchant weapon
 B - 7 scrolls of identify
 C - 3 scrolls of fog
 E - 6 scrolls of fear
Potions
 d - 2 potions of ambrosia
 e - 14 potions of curing
 i - 4 potions of magic
 r - 22 potions of heal wounds
 t - 9 potions of brilliance
 v - 4 potions of might
 w - 4 potions of stabbing
 F - 2 potions of mutation
 Z - a potion of resistance
Comestibles
 f - 10 rations


   Skills:
 + Level 26.8 Fighting
 - Level 18.0 Axes
 - Level 14.0 Throwing
 + Level 23.4 Armour
 + Level 19.3 Dodging
 + Level 23.1 Shields
 - Level 14.0 Unarmed Combat
 + Level 16.1 Spellcasting
 - Level 14.0 Invocations


You had 50 spell levels left.
You didn't know any spells.
Your spell library contained the following spells:

 Spells                   Type           Power        Failure   Level  Hunger
 Corona                   Hex            ###....      3%          1    None
 Infusion                 Chrm           ###.         3%          1    None
 Magic Dart               Conj           ###.         3%          1    None
 Pain                     Necr           ###.         3%          1    None
 Shock                    Conj/Air       ###.         3%          1    None
 Blink                    Tloc           N/A          6%          2    None
 Call Imp                 Summ           ###.....     6%          2    None
 Ensorcelled Hibernation  Hex/Ice        ###...       6%          2    None
 Poisonous Vapours        Pois/Air       ###...       6%          2    None
 Shroud of Golubria       Chrm/Tloc      ###...       6%          2    None
 Slow                     Hex            ###.....     6%          2    None
 Song of Slaying          Chrm           ###.....     6%          2    None
 Sublimation of Blood     Necr           ###.......   6%          2    None
 Swiftness                Chrm/Air       ###.....     6%          2    None
 Conjure Flame            Conj/Fire      ####....     12%         3    None
 Gell's Gravitas          Tloc           ###.......   12%         3    None
 Ignite Poison            Fire/Tmut/Pois ####....     12%         3    None
 Inner Flame              Hex/Fire       ####....     12%         3    None
 Lesser Beckoning         Tloc           ###.......   12%         3    None
 Mephitic Cloud           Conj/Pois/Air  ###.....     12%         3    None
 Ozocubu's Armour         Chrm/Ice       ###.....     12%         3    None
 Portal Projectile        Hex/Tloc       ###...       12%         3    None
 Spectral Weapon          Hex/Chrm       ###.....     12%         3    None
 Spider Form              Tmut/Pois      ###.......   12%         3    None
 Static Discharge         Conj/Air       ###.....     12%         3    None
 Summon Guardian Golem    Hex/Summ       ###.....     12%         3    None
 Teleport Other           Tloc           ###.....     12%         3    None
 Airstrike                Air            ###.......   36%         4    None
 Animate Dead             Necr           N/A          36%         4    None
 Cause Fear               Hex            ###.......   36%         4    None
 Fulminant Prism          Conj/Hex       ###.......   36%         4    None
 Ice Form                 Ice/Tmut       ###.....     36%         4    None
 Leda's Liquefaction      Hex/Erth       ###.......   36%         4    None
 Olgreb's Toxic Radiance  Pois           ###.....     36%         4    None
 Passage of Golubria      Tloc           N/A          36%         4    None
 Petrify                  Tmut/Erth      ###.....     36%         4    None
 Summon Lightning Spire   Summ/Air       ###.....     36%         4    None
 Agony                    Necr           ###.....     71%         5    None
 Alistair's Intoxication  Tmut/Pois      ###.....     71%         5    None
 Bolt of Magma            Conj/Fire/Erth ####......   71%         5    None
 Fireball                 Conj/Fire      ####......   71%         5    None
 Irradiate                Conj/Tmut      ###.......   71%         5    None
 Iskenderun's Battlesphe  Conj/Chrm      ###.....     71%         5    None
 Lightning Bolt           Conj/Air       ###.......   71%         5    None
 Silence                  Hex/Air        ###.......   71%         5    None
 Yara's Violent Unravell  Hex/Tmut       ###.......   71%         5    None
 Death Channel            Necr           ###.......   99%         6    ####...
 Dispersal                Tloc           ###.......   99%         6    ####...
 Eringya's Noxious Bog    Tmut/Pois      ###.......   99%         6    ####...
 Freezing Cloud           Conj/Ice/Air   ###.......   99%         6    ####...
 Iron Shot                Conj/Erth      ###.......   99%         6    ####...
 Simulacrum               Ice/Necr       ###.......   99%         6    ####...
 Starburst                Conj/Fire      ####......   99%         6    ####...
 Statue Form              Tmut/Erth      ###......    99%         6    ####...
 Orb of Destruction       Conj           ###.......   100%        7    #####..
 Ring of Flames           Chrm/Fire      ####......   100%        7    #####..
 Spellforged Servitor     Conj/Summ      ###.......   100%        7    #####..
 Controlled Blink         Tloc           N/A          100%        8    #######
 Discord                  Hex            ###.......   100%        8    #######
 Disjunction              Tloc           ###.......   100%        8    #######
 Ignition                 Fire           ####......   100%        8    #######
 Shatter                  Erth           ###.......   100%        9    #######
 Tornado                  Air            ###.......   100%        9    #######


Dungeon Overview and Level Annotations

Branches:
Dungeon (1/1)

Altars:
Ashenzari
Cheibriados
Dithmenos
Elyvilon
Fedhas
Gozag
Hepliaklqana
Kikubaaqudgha
Makhleb
Nemelex Xobeh
Okawaru
Qazlal
Ru
Sif Muna
Trog
Uskayaw
Vehumet
Wu Jian
Xom
Yredelemnul
Zin
The Shining One
Beogh
Jiyva
Lugonu

Annotations:
D Jory


Innate Abilities, Weirdness & Mutations

You cannot wear boots.
Your serpentine skin is tough. (AC +6)
You have supernaturally acute eyesight. (SInv)
Armour fits poorly on your strangely shaped body.
Your system is resistant to poisons. (rPois)
You cover ground very slowly.
You have a slow metabolism.
You can spit poison.
You can use your snake-like lower body to constrict enemies.
You occasionally shout uncontrollably at your foes.


Message History

You are no longer corroded.
You constrict Jory. You block the fire dragon's attack.
The fire dragon completely misses you. You block the fire dragon's attack.
You block Jory's attack. Jory misses you.
You slice the fire dragon like a ripe choko!!!
The fire dragon is severely wounded.
You hit Jory but do no damage. You constrict Jory.
Unknown command.
You carve the fire dragon like a ham!!!!
You kill the fire dragon!
Cheibriados thoroughly appreciates the change of pace.
You hit Jory but do no damage. You constrict Jory!
Jory gestures at you while chanting. The crystal spear hits you!!!
* * * LOW HITPOINT WARNING * * *
You release your grip on Jory.
The electric golem crackles and sizzles.
The electric golem hurls lightning at you.
The bolt of lightning hits you. You resist.
You die...

## .## ..# .' '# ##8###.##
#@..)...# ##V.'##.'# #.###.###
#+# ##'.###.###.###+#
#...'.[.'...##.##
##.##'.##'.##.).#
###.###)##''รทรทรท# ### ##
####)##
#############################'#


You could see Jory and an electric golem.

Vanquished Creatures
  Mara (D)
  An ancient lich (D)
  the Lernaean hydra (D)
  Xtahua (D)
  3 curse toes (D)
  A pandemonium lord (D)
  A caustic shrike (D)
  3 golden dragons (D)
  A pearl dragon (D)
  2 bone dragons (D)
  A Brimstone Fiend (D)
  2 liches (D)
  An electric golem (D)
  Arachne (D)
  A Tzitzimitl (D)
  Rupert (D)
  A tentacled monstrosity (D)
  An acid blob (D)
  An Ice Fiend (D)
  3 titans (D)
  A deep elf blademaster (D)
  3 sphinxes (D)
  3 shadow dragons (D)
  Agnes (D)
  2 nagarajas (D)
  An azure jelly (D)
  A draconian monk (D)
  A draconian scorcher (D)
  A fire giant (D)
  A balrug (D)
  4 frost giants (D)
  A deep elf sorcerer (D)
  2 orc warlords (D)
  2 cacodemons (D)
  An iron dragon (D)
  2 emperor scorpions (D)
  A spriggan defender (D)
  3 draconian shifters (D)
  2 draconian annihilators (D)
  A war gargoyle (D)
  A green draconian (D)
  A stone giant (D)
  2 black draconians (D)
  An ophan (D)
  3 deep elf annihilators (D)
  Nessos (D)
  A dire elephant (D)
  2 lorocyprocas (D)
  5 white draconians (D)
  An apis (D)
  2 deep elf demonologists (D)
  A red draconian (D)
  A purple draconian (D)
  2 yellow draconians (D)
  2 eidola (D)
  A minotaur (D)
  An ettin (D)
  3 blizzard demons (D)
  A deep elf death mage (D)
  A green death (D)
  A mummy priest (D)
  5 fire dragons (D)
  An ogre mage (D)
  A death ooze (D)
  3 deep elf high priests (D)
  2 hell beasts (D)
  2 ice dragons (D)
  Erolcha (D)
  4 yaktaur captains (D)
  5 naga warriors (D)
  19 vault guards (D)
  3 hydras (D)
  3 alligator snapping turtles (D)
  2 catoblepae (D)
  2 alligators (D)
  A merfolk aquamancer (D)
  A spriggan air mage (D)
  5 two-headed ogres (D)
  A deep troll shaman (D)
  3 death knights (D)
  A spriggan berserker (D)
  2 deep elf knights (D)
  A sixfirhy (D)
  6 hell knights (D)
  A sea snake (D)
  3 iron trolls (D)
  12 wizards (D)
  A cherub (D)
  A deep troll (shapeshifter) (D)
  An unseen horror (D)
  A shadow wraith (D)
  A deep troll (D)
  3 flayed ghosts (D)
  11 orc knights (D)
  2 spriggan druids (D)
  A swamp dragon (D)
  A lindwurm (D)
  14 necromancers (D)
  2 deep elf magi (D)
  An orc sorcerer (D)
  A moth of wrath (shapeshifter) (D)
  A cyclops (D)
  2 naga magi (D)
  An elephant (D)
  A spiny frog (D)
  A black mamba (D)
  An orange demon (D)
  A molten gargoyle (D)
  2 hellions (D)
  A smoke demon (D)
  A gargoyle (D)
  A rime drake (D)
  3 kobold demonologists (D)
  A tormentor (D)
  2 demonic crawlers (D)
  An ice devil (D)
  18 yaktaurs (D)
  A red devil (D)
  A merfolk (D)
  A jumping spider (D)
  2 wind drakes (D)
  Grinder (D)
  3 hornets (D)
  A tyrant leech (D)
  12 slime creatures (D)
  4 dream sheep (D)
  A bog body (D)
  3 water elementals (D)
  2 snapping turtles (D)
  2 flying skulls (D)
  2 tarantellas (D)
  2 spriggans (D)
  A ynoxinul (D)
  8 redbacks (D)
  5 yaks (D)
  A hungry ghost (D)
  A chaos spawn (D)
  4 golden eyes (D)
  10 humans (D)
  5 vampire mosquitoes (D)
  A small abomination (D)
  2 nagas (D)
  8 hell hounds (D)
  5 floating eyes (D)
  A porcupine (D)
  Duvessa (D)
  5 orc warriors (D)
  A black bear (D)
  2 necrophages (D)
  A centaur (D)
  An eye of draining (D)
  3 wolves (D)
  An ogre (D)
  2 big kobolds (D)
  2 bullfrogs (D)
  2 gnoll sergeants (D)
  Dowan (D)
  An orc wizard (D)
  An orc priest (D)
  Terence (D)
  8 gnolls (D)
  2 oozes (D)
  3 adder simulacra (D)
  2 leopard geckos (D)
  8 orcs (D)
  A bat skeleton (D)
  A bat zombie (D)
  A giant cockroach (D)
  A hobgoblin (D)
  6 jackals (D)
  A quokka (D)
  A bat (D)
  A goblin (D)
  2 crawling corpses (D)
418 creatures vanquished.

Vanquished Creatures (others)
  A deep elf annihilator (D)
  An ooze (D)
2 creatures vanquished.

Grand Total: 420 creatures vanquished

Notes
Turn   | Place    | Note
-------+----------+-------------------------------------------
     0 | D        | Groucho the Naga Fighter began the quest for the Orb.
     0 | D        | Reached XP level 1. HP: 21/21 MP: 1/1
    60 | D        | Found a bloodstained altar of Trog.
    60 | D        | Found a shimmering blue altar of Sif Muna.
    60 | D        | Found a viscous altar of Jiyva.
    60 | D        | Found a hazy altar of Hepliaklqana.
    60 | D        | Found an opulent altar of Gozag.
    61 | D        | Found a glowing golden altar of the Shining One.
    61 | D        | Found a glowing silver altar of Zin.
    61 | D        | Found a basalt altar of Yredelemnul.
    61 | D        | Found a shimmering altar of Xom.
    61 | D        | Found an ornate altar of the Wu Jian Council.
    61 | D        | Found a sacrificial altar of Ru.
    61 | D        | Found a stormy altar of Qazlal.
    61 | D        | Found an iron altar of Okawaru.
    61 | D        | Found a sparkling altar of Nemelex Xobeh.
    61 | D        | Found a burning altar of Makhleb.
    61 | D        | Found a blossoming altar of Fedhas.
    61 | D        | Found a white marble altar of Elyvilon.
    61 | D        | Found a shadowy altar of Dithmenos.
    61 | D        | Found a snail-covered altar of Cheibriados.
    65 | D        | Found a roughly hewn altar of Beogh.
    65 | D        | Found a corrupted altar of Lugonu.
    65 | D        | Found a radiant altar of Vehumet.
    66 | D        | Found a shattered altar of Ashenzari.
    66 | D        | Found an ancient bone altar of Kikubaaqudgha.
    66 | D        | Found a hide-covered altar of Uskayaw.
    72 | D        | Became a worshipper of Cheibriados the Contemplative
    94 | D        | Reached skill level 1 in Invocations
    99 | D        | Reached XP level 2. HP: 23/28 MP: 2/2
   116 | D        | Reached * piety under Cheibriados
   117 | D        | Reached ** piety under Cheibriados
   124 | D        | Noticed Duvessa
   124 | D        | Noticed Dowan
   125 | D        | Noticed a floating eye
   130 | D        | Killed Dowan
   130 | D        | Reached skill level 4 in Fighting
   130 | D        | Reached XP level 3. HP: 24/37 MP: 3/5
   130 | D        | Reached XP level 4. HP: 29/45 MP: 3/6
   130 | D        | Paralysed by a floating eye for 2 turns
   136 | D        | Killed Duvessa
   136 | D        | Reached skill level 5 in Fighting
   136 | D        | Reached skill level 5 in Axes
   136 | D        | Reached XP level 5. HP: 29/54 MP: 3/8
   138 | D        | Reached *** piety under Cheibriados
   141 | D        | Killed a floating eye
   141 | D        | Reached skill level 6 in Fighting
   141 | D        | Reached skill level 5 in Armour
   141 | D        | Reached skill level 5 in Shields
   141 | D        | Reached skill level 5 in Invocations
   141 | D        | Reached XP level 6. HP: 35/63 MP: 4/10
   531 | D        | Noticed a flying skull
   544 | D        | Reached **** piety under Cheibriados
   544 | D        | Reached skill level 7 in Fighting
   553 | D        | Killed a flying skull
   553 | D        | Reached XP level 7. HP: 55/72 MP: 12/12
   740 | D        | Noticed Terence
   746 | D        | Killed Terence
   746 | D        | Reached ***** piety under Cheibriados
   863 | D        | Reached skill level 8 in Fighting
   945 | D        | Noticed a red devil
   952 | D        | Killed a red devil
   952 | D        | Reached XP level 8. HP: 40/82 MP: 8/14
  1330 | D        | Noticed Grinder
  1338 | D        | Killed Grinder
  1338 | D        | Reached ****** piety under Cheibriados
  1338 | D        | Reached skill level 9 in Fighting
  1350 | D        | Noticed a hornet
  1351 | D        | Killed a hornet
  1351 | D        | Reached skill level 1 in Dodging
  1351 | D        | Reached XP level 9. HP: 91/92 MP: 14/16
  1625 | D        | Noticed a tyrant leech
  1629 | D        | Killed a tyrant leech
  1629 | D        | Reached skill level 10 in Invocations
  1660 | D        | Noticed a demonic crawler
  1667 | D        | Killed a demonic crawler
  1667 | D        | Reached skill level 10 in Fighting
  1669 | D        | Noticed a cyclops
  1669 | D        | Noticed a black mamba
  1674 | D        | Reached skill level 10 in Axes
  1674 | D        | Killed a black mamba
  1674 | D        | Reached XP level 10. HP: 90/103 MP: 12/18
  1683 | D        | Killed a cyclops
  2096 | D        | Noticed a deep elf mage
  2097 | D        | Noticed a deep troll
  2099 | D        | Reached skill level 5 in Dodging
  2099 | D        | Reached skill level 11 in Fighting
  2100 | D        | Killed a deep elf mage
  2101 | D        | Killed a deep troll
  2102 | D        | Noticed an orc knight
  2107 | D        | Killed an orc knight
  2107 | D        | Reached XP level 11. HP: 64/111 MP: 14/20
  2238 | D        | Noticed an unseen horror
  2242 | D        | Reached skill level 10 in Shields
  2243 | D        | Noticed Erolcha
  2244 | D        | Killed an unseen horror
  2244 | D        | Reached skill level 10 in Armour
  2247 | D        | Killed Erolcha
  2249 | D        | Noticed a shadow wraith
  2255 | D        | Reached skill level 12 in Fighting
  2255 | D        | Killed a shadow wraith
  2257 | D        | Noticed an orc knight
  2265 | D        | Killed an orc knight
  2575 | D        | Noticed a nagaraja
  2575 | D        | Noticed a merfolk aquamancer
  2582 | D        | Killed a merfolk aquamancer
  2584 | D        | Killed a nagaraja
  2584 | D        | Reached XP level 12. HP: 45/123 MP: 2/22
  2603 | D        | Reached skill level 13 in Fighting
  3005 | D        | Noticed an eidolon
  3008 | D        | Killed an eidolon
  3327 | D        | Found the +7 pair of quick blades "Gyre" and "Gimble"
                  | {protect}
  3420 | D        | Noticed a death knight
  3424 | D        | Killed a death knight
  3708 | D        | Noticed a catoblepas
  3711 | D        | Killed a catoblepas
  4439 | D        | Reached skill level 14 in Fighting
  4545 | D        | Noticed Nessos
  4551 | D        | Noticed Arachne
  4555 | D        | Killed Nessos
  4560 | D        | Killed Arachne
  4560 | D        | Reached skill level 10 in Dodging
  4560 | D        | Gained mutation: You can use your snake-like lower body to
                  | constrict enemies. [Naga growth]
  4560 | D        | Reached XP level 13. HP: 111/136 MP: 7/23
  4868 | D        | Noticed an orc warlord
  4868 | D        | Noticed an orc warlord
  4871 | D        | Reached skill level 15 in Fighting
  4872 | D        | Killed an orc warlord
  4872 | D        | Reached skill level 15 in Axes
  4872 | D        | Killed an orc warlord
  4878 | D        | Noticed a yaktaur captain
  4878 | D        | Noticed an eidolon
  4883 | D        | Noticed a yaktaur captain
  4890 | D        | Noticed a war gargoyle
  4892 | D        | Killed an eidolon
  4892 | D        | Killed a war gargoyle
  4893 | D        | Killed a yaktaur captain
  4898 | D        | Killed a yaktaur captain
  4901 | D        | Noticed a vault guard
  4902 | D        | Noticed a yaktaur captain
  4914 | D        | Reached skill level 16 in Fighting
  4918 | D        | Killed a vault guard
  4918 | D        | Reached XP level 14. HP: 105/150 MP: 10/24
  4928 | D        | Reached skill level 1 in Throwing
  4928 | D        | Reached skill level 1 in Unarmed Combat
  5610 | D        | Noticed an emperor scorpion
  5610 | D        | Noticed an emperor scorpion
  5616 | D        | Killed an emperor scorpion
  5616 | D        | Killed an emperor scorpion
  5742 | D        | Noticed Agnes
  5744 | D        | Killed Agnes
  5744 | D        | Identified the cursed +1 lajatang of Wu Jian's Hope {venom,
                  | rPois rN++ MR- Dex+3}
  5746 | D        | Reached skill level 17 in Fighting
  5772 | D        | Reached skill level 5 in Unarmed Combat
  5797 | D        | Reached skill level 15 in Armour
  5809 | D        | Reached skill level 5 in Throwing
  6458 | D        | Noticed a white draconian
  6458 | D        | Noticed a sphinx
  6458 | D        | Noticed a white draconian
  6458 | D        | Noticed a deep elf demonologist
  6458 | D        | Noticed a red draconian monk
  6459 | D        | Noticed a lich
  6467 | D        | Noticed a deep elf annihilator
  6467 | D        | Noticed a green draconian scorcher
  6467 | D        | Noticed a black draconian annihilator
  6467 | D        | Noticed a deep elf annihilator
  6469 | D        | Noticed a Tzitzimitl
  6469 | D        | Killed a deep elf demonologist
  6469 | D        | Noticed a red draconian shifter
  6470 | D        | Killed a deep elf annihilator
  6471 | D        | Killed a white draconian
  6471 | D        | Killed a white draconian
  6471 | D        | Killed a green draconian scorcher
  6471 | D        | Reached XP level 15. HP: 94/163 MP: 9/25
  6471 | D        | Killed a lich
  6471 | D        | Reached skill level 18 in Fighting
  6471 | D        | Reached skill level 15 in Shields
  6472 | D        | Noticed a sphinx
  6475 | D        | Killed a red draconian monk
  6475 | D        | Noticed a lich
  6481 | D        | Killed a red draconian shifter
  6485 | D        | Killed a lich
  6487 | D        | Killed a sphinx
  6499 | D        | Killed a sphinx
  6502 | D        | Noticed a frost giant
  6507 | D        | Reached skill level 19 in Fighting
  6519 | D        | Killed a frost giant
  6837 | D        | Got the Papyrus of Cold and Darkness
  6850 | D        | Got Kuepuac's Compendium of the Virous Entourage
  6860 | D        | Got Jazuvvi Amua's Guide on Sinister Arts
  6882 | D        | Got the Tome of Excruciating Air
  6893 | D        | Got the ring of Wohysearph {rPois Str+4}
  6896 | D        | Got the ring of the Tempest {Int+4 SInv}
  6899 | D        | Got the ring of the Present {+Blink SInv}
  6902 | D        | Got the ring "Tadwibig" {Wiz +Inv}
  6905 | D        | Got the ring of the Leaf {Fire Dex+3}
  6908 | D        | Got the ring "Ajaph" {rF+ rN+ Int+3}
  6914 | D        | Got the ring "Hitiant" {Fire rElec}
  6920 | D        | Got the ring of Ryrghuov {rN+ Str+6 Stlth+}
  6923 | D        | Got the ring of Sairacwe {rF++ Int+6 SInv Stlth-}
  6929 | D        | Got the ring of Linearity {rN+ EV+6}
  6995 | D        | Got the amulet of Ogunory {rF+ MR+++ Regen+ Int-5 Dex+4}
  6998 | D        | Got the ring "Cekhikh" {*Contam +Inv rF+ AC+4 Int+4}
  7001 | D        | Got the amulet of Polytheism {Faith Dex+2 Stlth+}
  7004 | D        | Got the ring "Wuruphein" {Fire *Slow rN+++ MR+++ Str+3}
  7007 | D        | Got the ring "Kickehya" {rC+ MR+ Slay+5}
  7010 | D        | Got the amulet "Cyule" {Faith Str+3 Dex+3}
  7013 | D        | Got the amulet "Udeg" {rPois Regen+}
  7016 | D        | Got the amulet "Yruow" {Reflect rElec rF+ SH+5}
  7019 | D        | Got the ring "Ennitubb" {rC+ MR- Dex+8 SInv}
  7022 | D        | Got the amulet "Ywkef" {Spirit Fragile rPois rN++}
  7025 | D        | Got the amulet "Aschoff" {Faith *Slow Str+8}
  7028 | D        | Got the amulet of Sufrau {MR++ Regen+ Stlth+}
  7031 | D        | Got the amulet "Hulusmic" {rC- Regen+ Str+7 Dex+4}
  7156 | D        | Reached skill level 1 in Spellcasting
  7158 | D        | Noticed a balrug
  7167 | D        | Killed a balrug
  7170 | D        | Noticed a frost giant
  7182 | D        | Killed a frost giant
  7213 | D        | Reached XP level 16. HP: 124/177 MP: 26/26
  7226 | D        | Reached skill level 10 in Unarmed Combat
  7305 | D        | Reached skill level 20 in Fighting
  7853 | D        | Noticed a sphinx
  7853 | D        | Noticed a shadow dragon
  7857 | D        | Killed a sphinx
  7865 | D        | Killed a shadow dragon
  7865 | D        | Reached skill level 5 in Spellcasting
  7919 | D        | Reached skill level 10 in Throwing
  7935 | D        | Noticed a Killer Klown
  7935 | D        | Noticed a caustic shrike
  7935 | D        | a Killer Klown changed into a caustic shrike
  7944 | D        | Killed a caustic shrike
  7956 | D        | Noticed a pearl dragon
  7956 | D        | Noticed a bone dragon
  7971 | D        | Killed a pearl dragon
  7971 | D        | Reached skill level 21 in Fighting
  7976 | D        | Killed a bone dragon
  7976 | D        | Reached skill level 15 in Dodging
  7981 | D        | Got the Papyrus of the Glacial Arsonist
  8222 | D        | Noticed Rupert
  8223 | D        | Identified the ring of Doubts {rPois Str+6 Dex+4}
  8223 | D        | Identified the +2 shadow dragon scales "Aritret" {*Corrode
                  | rPois rF+ Int+3 Stlth++++}
  8223 | D        | Identified the +2 great sword "Zoaclyf" {vamp, *Corrode rN+
                  | Int+5}
  8225 | D        | Reached XP level 17. HP: 192/192 MP: 22/29
  8225 | D        | Reached skill level 22 in Fighting
  8228 | D        | Killed Rupert
  8392 | D        | Got a silver rune of Zot
  8513 | D        | Noticed a deep elf blademaster
  8516 | D        | Killed a deep elf blademaster
  8517 | D        | Reached skill level 10 in Spellcasting
  8518 | D        | Reached skill level 23 in Fighting
  8929 | D        | Noticed a titan
  8930 | D        | Noticed Mara
  8933 | D        | Noticed Groucho's illusion
  8935 | D        | Killed a titan
  8948 | D        | Killed Mara
  8949 | D        | Noticed a tentacled monstrosity
  8949 | D        | Noticed the 27-headed Lernaean hydra
  8949 | D        | Noticed a golden dragon
  8950 | D        | Noticed an acid blob
  8965 | D        | Killed a golden dragon
  8968 | D        | Noticed a Tzitzimitl
  8972 | D        | Killed a tentacled monstrosity
  8972 | D        | Killed the 26-headed Lernaean hydra
  8972 | D        | Reached XP level 18. HP: 59/207 MP: 17/33
  9251 | D        | Reached skill level 24 in Fighting
  9306 | D        | Noticed a titan
  9306 | D        | Noticed a golden dragon
  9309 | D        | Gained mutation: You occasionally shout uncontrollably at
                  | your foes. [a cacodemon]
  9311 | D        | Killed a golden dragon
  9311 | D        | Killed a titan
  9319 | D        | Noticed a golden dragon
  9322 | D        | Noticed a curse toe
  9322 | D        | Noticed Xtahua
  9323 | D        | Killed a golden dragon
  9324 | D        | Killed Xtahua
  9333 | D        | Killed a curse toe
  9940 | D        | Found the +12 glaive of Prune {vorpal}
  9940 | D        | Found the +13 scythe of Curses {drain, *Curse}
  9978 | D        | Got the +11 demon blade of the Orcish Mines {vamp, rC- MR+
                  | Dex+2}
 10000 | D        | Got the ring of Makhleb's Indignation {rElec Str+4 Stlth-}
 10002 | D        | Got the amulet "Zoybirra" {Reflect *Drain rPois rF- MR+++
                  | SH+5}
 10004 | D        | Got the amulet of Ireh {RegenMP rPois}
 10006 | D        | Got the ring "Waehyrphan" {rC++ Int-4 Dex+6 Stlth+}
 10008 | D        | Got the ring "Pantovvy" {*Corrode rElec rF+ Int+2 Dex+6}
 10010 | D        | Got the ring of Hard Scrabble {*Corrode rPois rC+++ AC+4
                  | Str+3}
 10012 | D        | Got the ring of Senuox {rElec rF+ Str+2 Int-4}
 10014 | D        | Got the ring of the Assorted Suns {+Blink +Fly rPois Str-5
                  | Int+4}
 10054 | D        | Reached skill level 25 in Fighting
 10542 | D        | Noticed a bone dragon
 10550 | D        | Killed a bone dragon
 10957 | D        | Noticed an Ice Fiend
 10962 | D        | Killed an Ice Fiend
 11330 | D        | Noticed an electric golem
 11338 | D        | Killed an electric golem
 11353 | D        | Noticed a curse toe
 11360 | D        | Killed a curse toe
 11745 | D        | Noticed an ancient lich
 11745 | D        | Noticed a titan
 11750 | D        | Killed an ancient lich
 11753 | D        | Reached skill level 26 in Fighting
 11757 | D        | Killed a titan
 11757 | D        | Reached XP level 19. HP: 207/223 MP: 18/37
 12104 | D        | Reached skill level 15 in Spellcasting
 12122 | D        | Noticed a Brimstone Fiend
 12126 | D        | Killed a Brimstone Fiend
 12132 | D        | Noticed Nagosch the pandemonium lord
 12145 | D        | Killed Nagosch the pandemonium lord
 12147 | D        | Noticed a curse toe
 12147 | D        | Noticed a Tzitzimitl
 12151 | D        | Killed a Tzitzimitl
 12151 | D        | Noticed Jory
 12155 | D        | Killed a curse toe
 12159 | D        | Noticed an electric golem
 12165 | D        | HP: 3/225 [Jory/crystal spear (43)]
 12166 | D        | Killed from afar by an electric golem

Illustrated notes

Levels and vault maps discovered:
D:        pitsprint [storerooms_1, entrance_room_1, metal_vault_8, armoury_1,
          mini_pit_1, grid_room_1, main_hall_1, silver_pit, the_coven_3,
          the_vestibule_1, steel_vault_3, golden_pit, hallway_of_sentries,
          crystal_vault_2, iron_vault_2, final_vault]

Skill      XL: |  1  2  3  4  5  6  7  8  9 10 11 12 13 14 15 16 17 18 19 |
---------------+----------------------------------------------------------+-----
Invocations    | 1 3 4 5 7 8 9 10 12 13 14 | 14.0
Axes           | 3 5 7 8 9 10 11 12 14 15 17 18 | 18.0
Armour         | 3 4 5 6 7 8 9 11 12 13 15 17 18 20 22 23 | 23.4
Shields        | 3 4 5 6 7 8 9 11 12 13 14 16 18 20 22 23 | 23.1
Fighting       | 4 5 6 7 8 9 10 11 12 14 16 17 19 21 23 26 | 26.8
Dodging        | 1 4 6 8 10 12 13 14 15 16 18 19 | 19.3
Throwing       | 5 9 11 13 14 | 14.0
Unarmed Combat | 6 9 12 14 | 14.0
Spellcasting   | 3 8 11 14 16 | 16.1

Action                   |  1- 3 |  4- 6 |  7- 9 | 10-12 | 13-15 | 16-18 | 19-21 || total
-------------------------+-------+-------+-------+-------+-------+-------+-------++-------
Melee: Hand axe          |    19 |    29 |    24 |       |     5 |       |       ||    77
       War axe           |     5 |       |       |       |       |       |       ||     5
       Broad axe         |       |       |    15 |    83 |   182 |   202 |    60 ||   542
       Constrict         |       |       |       |       |    31 |    26 |     6 ||    63
Throw: Stone             |       |       |       |    10 |       |     1 |       ||    11
Invok: Slouch            |       |       |     6 |    35 |    26 |    47 |     6 ||   120
Evoke: Wand              |       |       |       |       |       |     1 |       ||     1
  Use: Potion            |     3 |       |       |     5 |     6 |     9 |       ||    23
       Scroll            |       |       |       |       |       |     4 |       ||     4
 Stab: Invisible         |     2 |       |       |       |       |       |       ||     2
       Distracted        |       |       |       |     1 |       |       |       ||     1
       Petrifying        |       |       |       |       |     1 |       |       ||     1
       Petrified         |       |       |       |       |     1 |       |       ||     1
  Eat: Ration            |       |       |       |     3 |     3 |     3 |     1 ||    10
       Chunk             |       |       |       |       |       |     1 |       ||     1
Armor: Scale mail        |    13 |    10 |     6 |       |       |       |       ||    29
       Plate armour      |       |       |    19 |    42 |    54 |       |       ||   115
       Ice dragon scales |       |       |       |       |    34 |   166 |    10 ||   210
Dodge: Dodged            |     9 |     7 |    23 |    39 |    85 |   191 |    15 ||   369
Block: Kite shield       |    10 |    18 |    51 |   105 |    54 |       |       ||   238
       Tower shield      |       |       |       |       |   180 |   358 |    72 ||   610
       Reflection        |       |       |       |       |     9 |     6 |     2 ||    17
